 Dungeon Crawl Stone Soup version 0.25.1-2-g60ff931df9 (console) character file.

Game seed: 3645603728811442738

28 Colgate the Skirmisher (level 3, 24/24 HPs)
             Began as a Gargoyle Fighter on Aug 21, 2020.
             Quit the game on level 1 of the Dungeon.
             The game lasted 00:12:51 (756 turns).

Colgate the Skirmisher (Gargoyle Fighter)            Turns: 756, Time: 00:12:52

Health: 24/24      AC:  5    Str: 19    XL:     3   Next: 12%
Magic:  3/3        EV:  8    Int:  8    God:
Gold:   39         SH:  9    Dex: 10    Spells: 2/2 levels left

rFire    . . .     SeeInvis .   a - +0 flail
rCold    . . .     Gourm    .   c - +0 kite shield
rNeg     + . .     Faith    .   p - +0 robe (curse)
rPois    ∞         Spirit   .   (no helmet)
rElec    +         Reflect  .   (no cloak)
rCorr    .         Harm     .   (no gloves)
MR       .....                  (no boots)
Stlth    +.........             h - amulet of magic regeneration
HPRegen  0.08/turn              (no ring)
MPRegen  0.33/turn              (no ring)

@: no status effects
A: negative energy resistance 1, electricity resistance, unbreathing,
petrification resistance, rot immunity, AC +3
a: no special abilities


You were on level 1 of the Dungeon.
You were not hungry.

You visited 1 branch of the dungeon, and saw 1 of its levels.

You collected 39 gold pieces.

Inventory:

Hand Weapons
 a - a +0 flail (weapon)
Missiles
 j - 46 stones (quivered)
 k - 27 sling bullets
Armour
 b - a +0 scale mail
 c - a +0 kite shield (worn)
 m - a +0 leather armour
 o - a +0 ring mail
 p - a cursed +0 robe (worn)
Jewellery
 h - an amulet of magic regeneration (around neck)
Scrolls
 l - a scroll of remove curse {unknown}
 n - a scroll of amnesia {unknown}
Potions
 d - 2 potions of might
 e - a potion of resistance {unknown}
 i - 2 potions of curing {unknown}
Comestibles
 f - a ration
 g - 3 chunks of flesh


   Skills:
 - Level 4.0 Fighting
 + Level 2.8 Maces & Flails
 - Level 3.2 Armour
 - Level 3.2 Shields


You had 2 spell levels left.
You didn't know any spells.
Your spell library was empty.

Dungeon Overview and Level Annotations

Branches:
Dungeon (1/15)

Altars:


Innate Abilities, Weirdness & Mutations

You are resistant to torment.
Your stone body is resilient. (AC +3)
You are immune to poison.
You resist negative energy. (rN+)
You are resistant to electric shocks. (rElec)
You can survive without breathing.
You are immune to petrification.
You are immune to rotting.


Message History

You continue taking off your +0 ring mail. x4
You finish taking off your +0 ring mail.
You start putting on your armour.
You continue putting on your +0 scale mail. x5
You finish putting on your +0 scale mail.
No monsters, items or features are visible.
j - 46 stones (gained 16)
You now have 39 gold pieces (gained 8).
Found an embroidered robe.
You see here an embroidered robe.
You start removing your armour.
You continue taking off your +0 scale mail. x4
You finish taking off your +0 scale mail.
You start putting on your armour.
You continue putting on your embroidered robe. x5
You finish putting on your cursed +0 robe.
Oops, that feels deathly cold.
Okay, then.
Okay, then.
Are you sure you want to abandon this character and quit the game? (Confirm with "yes".)

########## .. #.........
... #.........
...####### #.........
.......@.# #.........
##.......# #.........
##.......## #.........
..........#####.........
........................
......##...####.########
........................
.####.#..#.##.....##.###
...........#.#.#.#.....
####....#..#.#...#.....
#######.#.#####.....


There were no monsters in sight!

Vanquished Creatures
  A leopard gecko (D:1)
  2 ball pythons (D:1)
  5 goblins (D:1)
  3 hobgoblins (D:1)
  4 bats (D:1)
  3 frilled lizards (D:1)
  4 kobolds (D:1)
  2 rats (D:1)
24 creatures vanquished.

Notes
Turn   | Place    | Note
-------+----------+-------------------------------------------
     0 | D:1      | Colgate the Gargoyle Fighter began the quest for the Orb.
     0 | D:1      | Reached XP level 1. HP: 14/14 MP: 1/1
   138 | D:1      | Reached XP level 2. HP: 19/20 MP: 2/2
   199 | D:1      | Reached skill level 4 in Fighting
   428 | D:1      | Reached XP level 3. HP: 24/24 MP: 3/3
   756 | D:1      | Quit the game

Illustrated notes

Levels and vault maps discovered:
D:1:      sevenhm_arrival_forest_fort_large_1, layout_basic

Skill      XL: |  1  2 |
---------------+-------+-----
Fighting       | 4 |  4.0
Maces & Flails | |  2.8
Armour         | |  3.2
Shields        | |  3.2

Action                   || total
-------------------------++-------
Melee: Flail             ||    78
Throw: Stone             ||    27
Armor: Scale mail        ||    46
Dodge: Dodged            ||    22
Block: Kite shield       ||    35
